 Dungeon Crawl Stone Soup version 0.26.1-2-gb8aa6d0cf2 (webtiles) character file.

Game seed: 9179634524698115564

20610 nightchill the Destroyer (level 12, -19/108 HPs)
             Began as a Purple Draconian Conjurer on Mar 16, 2021.
             Was a High Priest of Vehumet.
             Demolished by an alligator snapping turtle (39 damage)
             ... on level 1 of the Orcish Mines on Mar 17, 2021.
             The game lasted 01:00:58 (24762 turns).

nightchill the Destroyer (DrCj)                    Turns: 24762, Time: 01:00:58

Health: -19/108    AC: 11    Str: 16    XL:     12   Next: 46%
Magic:  22/36      EV: 30    Int: 21    God:    Vehumet [*****.]
Gold:   1156       SH:  5    Dex: 12    Spells: 11/33 levels left

rFire    . . .     SeeInvis .   x - +3 dagger (venom)
rCold    . . .     Faith    .   T - +0 buckler
rNeg     . . .     Spirit   .   (armour unavailable)
rPois    .         Reflect  .   (helmet restricted)
rElec    .         Harm     .   (no cloak)
rCorr    .         Rampage  .   (no gloves)
Will     +....                  R - +2 pair of boots
Stlth    ++........             N - amulet of the acrobat
HPRegen  0.28/turn              O - +6 ring of strength
MPRegen  0.25/turn              Q - ring of magical power

@: acrobat, studying Air Magic
A: breathe power, unfitting armour, cold-blooded, AC +8
a: Breathe Dispelling Energy, Renounce Religion


You were on level 1 of the Orcish Mines.
You worshipped Vehumet.
Vehumet was extremely pleased with you.
You visited 4 branches of the dungeon, and saw 15 of its levels.

You collected 1156 gold pieces.

Inventory:

Hand Weapons
 m - a +1 short sword of draining
 x - a +3 dagger of venom (weapon)
 A - a +0 rapier
 M - a +0 fustibalus
Missiles
 a - 4 silver boomerangs
 i - 41 poisoned darts
 k - 398 stones
 l - 78 sling bullets
Armour
 R - a +2 pair of boots (worn)
 T - a +0 buckler (worn)
Jewellery
 G - an uncursed ring of fire
 N - an amulet of the acrobat (around neck)
 O - a +6 ring of strength (left hand)
 Q - a ring of magical power (right hand)
Wands
 t - a wand of digging (9)
 C - a wand of polymorph (6)
 E - a wand of enslavement (4)
 U - a wand of disintegration (23)
Scrolls
 f - 6 scrolls of remove curse
 j - 5 scrolls of teleportation
 r - 2 scrolls of magic mapping
 s - a scroll of fear
 u - 2 scrolls of enchant weapon
 v - a scroll of fog
 y - a scroll of blinking
 D - a scroll of noise {unknown}
 I - a scroll of holy word {unknown}
 L - 2 scrolls of enchant armour
 P - a scroll of immolation {unknown}
 W - a scroll of amnesia {unknown}
Potions
 b - 2 potions of invisibility
 c - a potion of brilliance {unknown}
 d - 3 potions of ambrosia
 e - a potion of haste {unknown}
 g - 2 potions of flight
 h - a potion of attraction
 n - 2 potions of berserk rage
 o - 2 potions of degeneration
 p - a potion of lignification {unknown}
 q - 3 potions of mutation
 z - 3 potions of cancellation {unknown}
 H - 2 potions of resistance {unknown}
 K - a potion of heal wounds
 S - a potion of might {unknown}
 X - a potion of curing {unknown}
Books
 B - a manual of Air Magic


   Skills:
 + Level 10.6 Fighting
 + Level 5.7 Dodging
 - Level 1.7 Stealth
 - Level 4.0 Shields
 + Level 11.0 Spellcasting
 * Level 14.0 Conjurations
 * Level 0.7 Summonings


You had 11 spell levels left.
You knew the following spells:

 Your Spells              Type           Power        Failure   Level
a - Magic Dart            Conj           100%         0%          1
b - Searing Ray           Conj           100%         1%          2
c - Shock                 Conj/Air       100%         1%          1
d - Fulminant Prism       Conj/Hex       20%          1%          4
e - Iskenderun's Mystic   Conj/Tloc      40%          1%          4
f - Mephitic Cloud        Conj/Pois/Air  31%          1%          3
g - Spellforged Servitor  Conj/Summ      21%          50%         7

Your spell library contained the following spells:

 Spells                   Type           Power        Failure   Level
 Freeze                   Ice            44%          1%          1
 Dazzling Flash           Conj/Hex       80%          1%          3
 Hailstorm                Conj/Ice       40%          1%          4
 Frozen Ramparts          Ice            22%          4%          3
 Beastly Appendage        Tmut           22%          6%          1
 Wereblood                Tmut           11%          9%          2
 Ozocubu's Armour         Ice            11%          17%         3
 Spider Form              Tmut/Pois      5%           17%         3
 Summon Ice Beast         Ice/Summ       13%          45%         4
 Ice Form                 Ice/Tmut       11%          50%         4
 Blade Hands              Tmut           5%           85%         5


Dungeon Overview and Level Annotations

Branches:
Dungeon (10/15)            Temple (1/1) D:4            Lair (2/6) D:9
    Orc (2/2) D:9
  Swamp: Lair:2-4    Shoals: Lair:2-4     Snake: Lair:2-4    Spider: Lair:2-4
    Elf: Orc:2

Altars:
Ashenzari
Cheibriados
Elyvilon
Gozag
Makhleb
Nemelex Xobeh
Okawaru
Sif Muna
Vehumet
Yredelemnul

Annotations:
D:3 exclusion: 2 downstairs
D:6 exclusion: downstairs
D:10 2 runed translucent doors, exclusion: 2 doors, Pith's ghost, novice MiFi
Lair:1 !death
Lair:2 Erica
Orc:1 exclusion: 2 downstairs


Innate Abilities, Weirdness & Mutations

You can breathe bolts of dispelling energy.
Your rich purple scales are hard. (AC +8)
You cannot fit into any form of body armour.
You are cold-blooded and may be slowed by cold attacks.


Message History

Here: an alligator snapping turtle
Items here: a +1 great mace of protection; a +3 plate armour of fire resistance.
A stone staircase leading down, spattered with blood.
Casting: Searing Ray (safe; 1% risk of failure)
Confirm with . or Enter, or press ? or * to list all spells.
Aiming: Searing Ray (safe; 1% risk of failure)
Press: ? - help, Shift-Dir - straight line, f/p - alligator snapping turtle
Aim: an alligator snapping turtle (0% to evade)
The searing ray hits the alligator snapping turtle!
The alligator snapping turtle is lightly wounded. (Press . to maintain the ray.)
You block the alligator snapping turtle's attack.
The searing ray hits the alligator snapping turtle!
The alligator snapping turtle is lightly wounded.
The alligator snapping turtle bites you!!!
* * * LOW HITPOINT WARNING * * *
The searing ray hits the alligator snapping turtle!
The alligator snapping turtle is lightly wounded.
The alligator snapping turtle bites you!!!
You die...

.....# ##.## ....##
#...# ..##.## ###
##..## ......#
##.####...## #.##.##
#....#.#...# ######
###.........## .#
#####............#
.###.##.....#.#.....#
..#.........##..@t.##
.##[...........)))##
##....)..[[.......##
..#.[#)##.#.#..#[[.##
.####...##.[....[[[.#
## ###[####.#.......#
.###.#.####.#...[..##
###......#...#......#
# ##.#.........#...##


You could see an alligator snapping turtle.

Vanquished Creatures
  2 hydras (Lair:1)
  2 death yaks (Lair:1)
  3 orc high priests
  Nergalle (Orc:1)
  Pikel (D:7)
  3 orc knights
  2 orc sorcerers
  A manticore (D:10)
  A black mamba (Lair:2)
  A cane toad (Lair:2)
  4 komodo dragons
  A troll (Orc:2)
  A hornet (D:8)
  A wyvern (D:9)
  2 redbacks (Lair:1)
  A yak (D:9)
  A basilisk (D:9)
  3 wraiths (D:10)
  5 wargs
  A soldier ant (D:7)
  Duvessa (D:6)
  7 water moccasins
  4 sky beasts
  25 orc warriors
  2 phantoms
  2 black bears
  2 ice beasts
  A hornet zombie (D:9)
  An eye of draining (D:10)
  11 ogres
  2 centaurs
  4 lemures (D:6)
  3 big kobolds
  Blork the orc (D:6)
  6 bullfrogs
  3 scorpions
  A water moccasin skeleton (D:10)
  Dowan (D:6)
  8 wights
  4 howler monkeys
  2 bullfrog zombies
  A centaur zombie (D:7)
  28 orc wizards
  11 orc priests
  3 centaur skeletons
  4 hounds
  3 iguanas
  A jelly (D:9)
  5 worker ants
  Ijyb (D:4)
  A hound zombie (D:8)
  6 hound skeletons
  14 gnolls
  10 adders
  A howler monkey skeleton (D:4)
  3 white imps
  3 ufetubi
  An ooze (D:3)
  3 adder skeletons
  3 worms
  3 dart slugs (D:1)
  11 leopard geckos
  72 orcs
  3 ball pythons
  10 bats
  5 giant cockroaches
  9 goblins
  7 hobgoblins
  17 jackals
  6 quokkas
  4 frilled lizards
  A jackal zombie (D:7)
  11 kobolds
  6 rats
  A fulminant prism (Orc:2)
396 creatures vanquished.

Vanquished Creatures (others)
  51 fulminant prisms
  3 fungi
  A plant (Lair:1)
55 creatures vanquished.

Grand Total: 451 creatures vanquished

Notes
Turn   | Place    | Note
-------+----------+-------------------------------------------
     0 | D:1      | nightchill the Draconian Conjurer began the quest for the
                  | Orb.
     0 | D:1      | Reached XP level 1. HP: 14/14 MP: 3/3
   287 | D:1      | Reached XP level 2. HP: 22/22 MP: 1/5
   355 | D:1      | Learned a level 2 spell: Searing Ray
   488 | D:1      | Reached skill level 1 in Fighting
   878 | D:1      | Reached XP level 3. HP: 28/28 MP: 1/6
  1859 | D:2      | Found an iron altar of Okawaru.
  2286 | D:2      | Reached XP level 4. HP: 36/36 MP: 5/7
  2858 | D:2      | Reached skill level 5 in Conjurations
  3215 | D:3      | Found a basalt altar of Yredelemnul.
  3704 | D:3      | Found a broken altar of Ashenzari.
  3727 | D:3      | Reached XP level 5. HP: 41/41 MP: 5/9
  4203 | D:4      | Reached XP level 6. HP: 50/50 MP: 1/11
  4515 | D:3      | Reached skill level 6 in Conjurations
  5379 | D:4      | Noticed Ijyb
  5878 | D:4      | Killed Ijyb
  5887 | D:3      | Your scales start taking on a rich purple colour.
  5887 | D:3      | Reached XP level 7. HP: 28/58 MP: 2/14
  6310 | D:4      | Found a staircase to the Ecumenical Temple.
  6328 | Temple   | Entered the Ecumenical Temple
  6368 | Temple   | Became a worshipper of Vehumet
  6409 | D:5      | Entered Level 5 of the Dungeon
  6416 | D:5      | Reached skill level 5 in Spellcasting
  6416 | D:5      | Reached skill level 7 in Conjurations
  7473 | D:5      | Reached XP level 8. HP: 49/67 MP: 7/16
  7668 | D:5      | Reached skill level 5 in Fighting
  7668 | D:5      | Reached skill level 8 in Conjurations
  7960 | D:5      | Found a snail-covered altar of Cheibriados.
  8234 | D:6      | Found a sparkling altar of Nemelex Xobeh.
  8234 | D:6      | Noticed Duvessa
  8234 | D:6      | Noticed Dowan
  8241 | D:6      | Killed Dowan
  8245 | D:6      | Killed Duvessa
  8618 | D:6      | Noticed Blork the orc
  8622 | D:6      | Killed Blork the orc
  8772 | D:6      | Reached skill level 9 in Conjurations
  8949 | D:6      | Reached * piety under Vehumet
  8949 | D:6      | Offered knowledge of Shock by Vehumet.
  8996 | D:6      | Learned a level 1 spell: Shock
  9074 | D:6      | Found a shimmering blue altar of Sif Muna.
 10235 | D:6      | Learned a level 4 spell: Fulminant Prism
 10450 | D:7      | Reached XP level 9. HP: 54/75 MP: 10/19
 10502 | D:7      | Noticed Pikel
 10543 | D:7      | Killed Pikel
 10775 | D:7      | Reached skill level 10 in Conjurations
 10861 | D:7      | Learned a level 4 spell: Iskenderun's Mystic Blast
 12315 | D:8      | Offered knowledge of Foxfire by Vehumet.
 12395 | D:8      | Reached ** piety under Vehumet
 12454 | D:8      | Reached XP level 10. HP: 76/88 MP: 13/22
 12611 | D:8      | Found an opulent altar of Gozag.
 12643 | D:8      | Reached skill level 11 in Conjurations
 13030 | D:8      | You fall into a shaft and drop 2 floors!
 13030 | D:10     | Entered Level 10 of the Dungeon
 13784 | D:9      | Found a staircase to the Lair.
 13790 | D:9      | Found a staircase to the Orcish Mines.
 14239 | D:9      | Found a burning altar of Makhleb.
 14282 | D:9      | Found a white marble altar of Elyvilon.
 15734 | Lair:1   | Entered Level 1 of the Lair of Beasts
 15993 | Lair:1   | Noticed an eight-headed hydra
 16002 | Lair:1   | Killed an eight-headed hydra
 16003 | Lair:1   | Reached skill level 1 in Shields
 16259 | Lair:1   | Noticed a five-headed hydra
 16265 | Lair:1   | Killed a five-headed hydra
 16266 | Lair:1   | Reached skill level 12 in Conjurations
 16847 | Lair:2   | Noticed a black mamba
 16859 | Lair:2   | Killed a black mamba
 17028 | Lair:2   | Reached XP level 11. HP: 49/97 MP: 24/24
 17464 | Lair:2   | Noticed a boulder beetle
 18083 | Lair:2   | Noticed a death yak
 18084 | Lair:2   | Noticed Erica
 18466 | Lair:2   | Noticed a death yak
 18466 | Lair:2   | Noticed a death yak
 19022 | D:10     | Offered knowledge of Conjure Flame by Vehumet.
 19264 | D:10     | Reached *** piety under Vehumet
 19428 | D:10     | Found a runed translucent door.
 19428 | D:10     | Noticed a flayed ghost
 19429 | D:10     | Noticed a necromancer
 19430 | D:10     | Found a runed translucent door.
 19430 | D:10     | Noticed a skeletal warrior
 19431 | D:10     | Noticed a frost giant
 19433 | D:10     | Noticed a lich
 19438 | D:10     | Noticed Pith's ghost (novice MiFi)
 20068 | Lair:1   | HP: 4/97 [death yak (18)]
 20070 | Lair:1   | Killed a death yak
 20455 | Lair:1   | Killed a death yak
 20456 | Lair:1   | Reached skill level 10 in Spellcasting
 20930 | Orc:1    | Entered Level 1 of the Orcish Mines
 21039 | Orc:2    | Entered Level 2 of the Orcish Mines
 21039 | Orc:2    | Noticed an orc high priest
 21042 | Orc:2    | Noticed a sun demon
 21043 | Orc:2    | Offered knowledge of Inner Flame by Vehumet.
 21272 | Orc:2    | Noticed a soul eater
 21284 | Orc:1    | Reached skill level 13 in Conjurations
 21425 | Orc:2    | Noticed an orc warlord
 21427 | Orc:1    | HP: 1/99 [orc warrior/+0 flail[an orc warlord] (8)]
 22065 | Orc:1    | Noticed an orc sorcerer
 22070 | Orc:1    | Noticed an orc high priest
 22071 | Orc:1    | Noticed a sixfirhy
 22071 | Orc:1    | Killed an orc sorcerer
 22090 | Orc:1    | Killed an orc high priest
 22090 | Orc:1    | Reached **** piety under Vehumet
 22091 | Orc:1    | Reached skill level 10 in Fighting
 22508 | Orc:1    | Noticed an orc knight
 22523 | Orc:1    | Killed an orc knight
 22523 | Orc:1    | Offered knowledge of Mephitic Cloud by Vehumet.
 22626 | D:9      | Learned a level 3 spell: Mephitic Cloud
 22632 | Orc:1    | Reached XP level 12. HP: 89/106 MP: 26/26
 22717 | Orc:1    | Noticed Nergalle
 22738 | Orc:1    | Killed Nergalle
 22739 | Orc:1    | Reached skill level 5 in Dodging
 23449 | Orc:2    | Killed an orc high priest
 24146 | Orc:2    | Reached ***** piety under Vehumet
 24152 | Orc:2    | Offered knowledge of Spellforged Servitor by Vehumet.
 24152 | Orc:2    | Noticed an orc high priest
 24161 | Orc:2    | Killed an orc high priest
 24285 | Orc:1    | Learned a level 7 spell: Spellforged Servitor
 24470 | Orc:2    | Reached skill level 14 in Conjurations
 24759 | Orc:1    | Noticed an alligator snapping turtle
 24759 | Orc:1    | an orc warlord changed into an alligator snapping turtle
 24762 | Orc:1    | Demolished by an alligator snapping turtle

Illustrated notes

Levels and vault maps discovered:
D:1:      dpeg_arrival_line_fractal, layout_rooms, st_stairs_14
D:2:      layout_loops_cross, lemuel_crystal_altar
D:3:      layout_rooms, ashenzari_conservatory_becter,
          yredelemnul_altar_generic, grunt_decor_one_mirror
D:4:      layout_cave_pools, minmay_temple_entry_offerings,
          chequers_serial_rivers_small_b, uniq_ijyb
D:5:      minmay_evil_eye, layout_loops_ring, basic_altar
D:6:      layout_basic, led_sif_pool, basic_altar,
          hangedman_abyss_or_decor_stagger, chequers_serial_rivers_room_b,
          minmay_manual_moon, uniq_blork_the_orc, uniq_duvessa
D:7:      cheibrodos_helix_gallery, layout_basic, uniq_pikel
D:8:      layout_cave_pools, grunt_gozag_breadcrumbs
D:9:      layout_stronghold, overflow_temple_1_default, lightli_temple_of_fire,
          david_lair_generic, orc_0_dummy
D:10:     layout_roguey, muffindrake_ghost_dual_entry
Temple:   regret_index_temple_generic_petals
Lair:1:   layout_regular_city, grunt_megastairs_3
Lair:2:   lemuel_reptile_caves, layout_big_grid, elwin_shoals_entry_rocks,
          spider_nest_entry_webs, beast_lair_carwin_9, uniq_erica
Orc:1:    layout_caves, uniq_nergalle
Orc:2:    grunt_orc_tribal_feast, layout_diamond_mine

Skill      XL: |  1  2  3  4  5  6  7  8  9 10 11 12 |
---------------+-------------------------------------+-----
Fighting       | 1 2 3 4 6 7 9 10 | 10.6
Conjurations   | 5 6 7 9 10 12 13 14 | 14.0
Spellcasting   | 3 4 5 6 8 9 10 11 | 11.0
Dodging        | 3 4 5 |  5.7
Shields        | 2 4 |  4.0
Stealth        | |  1.7
Summonings     | |  0.7

Action                   |  1- 3 |  4- 6 |  7- 9 | 10-12 || total
-------------------------+-------+-------+-------+-------++-------
Melee: Unarmed           |    35 |       |       |       ||    35
       Tailslap          |     4 |     2 |     5 |     3 ||    14
       Dagger            |       |    36 |    61 |    37 ||   134
 Cast: Magic Dart        |    83 |   112 |   143 |   129 ||   467
       Searing Ray       |     4 |    19 |    70 |   147 ||   240
       Shock             |       |       |    14 |       ||    14
       Fulminant Prism   |       |       |     2 |    50 ||    52
       Mephitic Cloud    |       |       |       |    12 ||    12
 Abil: Breathe Dispellin |       |       |     1 |     1 ||     2
Evoke: Wand              |       |       |       |     3 ||     3
  Use: Scroll            |       |       |       |    18 ||    18
       Potion            |       |       |       |     4 ||     4
 Stab: Sleeping          |       |       |     2 |     1 ||     3
Armor: Skin              |    28 |    43 |    61 |    75 ||   207
Dodge: Dodged            |    30 |    81 |   108 |   315 ||   534
Block: Buckler           |       |       |       |    43 ||    43
